 Dungeon Crawl Stone Soup version 0.24-a0-140-gcaa6c10b7c (webtiles) character file.

Game seed: 16185433330072806075

15499 PikkenKukken the Fighter (level 12, -2/127 HPs)
             Began as a Green Draconian Transmuter on Mar 4, 2019.
             Was a High Priest of Okawaru.
             Slain by a seven-headed hydra (9 damage)
             ... on level 4 of the Lair of Beasts.
             The game lasted 00:34:52 (15785 turns).

PikkenKukken the Fighter (DrTm)                    Turns: 15785, Time: 00:34:52

Health: -2/127     AC:  6    Str: 13    XL:     12   Next: 1%
Magic:  14/19      EV: 19    Int: 15    God:    Okawaru [*****.]
Gold:   786        SH:  0    Dex: 15    Spells: 11/21 levels left

rFire    x . .     SeeInvis .     - Unarmed
rCold    + + +     Gourm    .   (shield currently unavailable)
rNeg     . . .     Faith    .   (armour unavailable)
rPois    +         Spirit   .   (helmet currently unavailable)
rElec    .         Reflect  .   (cloak currently unavailable)
rCorr    .         Harm     .   (gloves currently unavailable)
MR       +....                  (boots currently unavailable)
Stlth    +++.......             (no amulet)
HPRegen  0.31/turn              e - ring of wizardry
MPRegen  0.16/turn              t - ring of protection from magic

@: short of breath, ice-form, heroism
A: large, (breathe noxious fumes), unfitting armour, AC +8
a: End Transformation, Heroism, Finesse, Renounce Religion


You were on level 4 of the Lair of Beasts.
You worshipped Okawaru.
Okawaru was extremely pleased with you.
You were hungry.
You were a creature of crystalline ice.
You visited 3 branches of the dungeon, and saw 15 of its levels.

You collected 786 gold pieces.

Inventory:

Missiles
 a - 136 arrows
Armour
 i - a +0 buckler
 l - a +0 cloak
 v - a +2 cloak of magic resistance (melded)
Jewellery
 e - a ring of wizardry (left front paw)
 r - an uncursed ring of stealth
 s - an uncursed ring of flight
 t - a ring of protection from magic (right front paw)
 u - an uncursed amulet of guardian spirit
 y - a cursed ring of see invisible
 H - an uncursed ring of wizardry
Wands
 p - a wand of flame (13)
 z - a wand of clouds (12)
 B - a wand of digging (6)
 C - a wand of paralysis (4)
 J - a wand of polymorph (18)
Scrolls
 d - 3 scrolls of teleportation
 j - 6 scrolls of amnesia
 w - 2 scrolls of enchant armour
 x - 4 scrolls of magic mapping
 A - a scroll of fog
 E - 2 scrolls of identify
 F - 2 scrolls of fear
 I - a scroll of enchant weapon
 K - a scroll of blinking
Potions
 b - 2 potions of agility
 f - a potion of magic
 g - 2 potions of flight {unknown}
 h - 3 potions of heal wounds
 m - 4 potions of might
 n - 2 potions of haste
 o - 6 potions of curing
 q - a potion of brilliance {unknown}
 D - 2 potions of resistance
Comestibles
 c - 24 rations


   Skills:
 + Level 10.2(15.2) Fighting
 + Level 9.0(14.0) Dodging
 + Level 10.0(15.0) Unarmed Combat
 - Level 5.0 Spellcasting
 - Level 6.0 Transmutations
 - Level 6.1 Ice Magic
 - Level 1.2 Poison Magic
 - Level 5.0 Invocations


You had 11 spell levels left.
You knew the following spells:

 Your Spells              Type           Power        Failure   Level  Hunger
a - Beastly Appendage     Tmut           ###...       1%          1    None
b - Sticks to Snakes      Tmut           ###.....     1%          2    ##.....
c - Spider Form           Tmut/Pois      ##........   4%          3    ###....
d - Ice Form              Ice/Tmut       ###.....     5%          4    ####...

Your spell library contained the following spells:

 Spells                   Type           Power        Failure   Level  Hunger
 Corona                   Hex            #......      6%          1    None
 Magic Dart               Conj           #...         6%          1    None
 Poisonous Vapours        Pois/Air       #.....       8%          2    ##.....
 Searing Ray              Conj           #.....       10%         2    ##.....
 Slow                     Hex            #.......     10%         2    ##.....
 Mephitic Cloud           Conj/Pois/Air  #.......     16%         3    ###....
 Blade Hands              Tmut           ###.......   16%         5    ######.
 Conjure Flame            Conj/Fire      #.......     19%         3    ###....
 Dazzling Spray           Conj/Hex       #.....       19%         3    ###....
 Inner Flame              Hex/Fire       #.......     19%         3    ###....
 Portal Projectile        Hex/Tloc       #.....       19%         3    ###....
 Cause Fear               Hex            #.........   52%         4    ####...
 Force Lance              Conj/Tloc      #.......     52%         4    ####...
 Fulminant Prism          Conj/Hex       #.........   52%         4    ####...
 Iskenderun's Mystic Bla  Conj           #.......     52%         4    ####...
 Leda's Liquefaction      Hex/Erth       #.........   52%         4    ####...
 Freezing Cloud           Conj/Ice/Air   #.........   98%         6    #######
 Ring of Flames           Chrm/Fire      #.........   100%        7    #######


Dungeon Overview and Level Annotations

Branches:
Dungeon (10/15)            Temple (1/1) D:4            Lair (4/6) D:8
 Spider (0/4) Lair:3          Orc (0/2) D:9
  Swamp: Lair:2-4    Shoals: Lair:2-4

Altars:
Ashenzari
Cheibriados
Dithmenos
Elyvilon
Fedhas
Gozag
Hepliaklqana
Kikubaaqudgha
Makhleb
Nemelex Xobeh
Okawaru
Qazlal
Ru
Sif Muna
Trog
Uskayaw
Vehumet
Wu Jian
Xom
Yredelemnul
Zin
The Shining One

Shops:
D:9 [

Annotations:
D:8 2 runed translucent doors
D:10 Erolcha


Innate Abilities, Weirdness & Mutations

((You can breathe blasts of noxious fumes.))
((Your lurid green scales are hard. (AC +8)))
You cannot fit into any form of body armour.
((Your system is resistant to poisons. (rPois)))
((You are cold-blooded and may be slowed by cold attacks.))


Message History

The seven-headed hydra closely misses you.
You pummel the seven-headed hydra!! You freeze the seven-headed hydra!
The seven-headed hydra is severely wounded.
The seven-headed hydra bites you! The seven-headed hydra misses you.
The seven-headed hydra bites you!
* * * LOW HITPOINT WARNING * * *
The seven-headed hydra bites you.
* * * LOW HITPOINT WARNING * * *
The seven-headed hydra bites you but does no damage. x2
The seven-headed hydra bites you!
* * * LOW HITPOINT WARNING * * *
You barely miss the seven-headed hydra.
The seven-headed hydra is severely wounded.
The seven-headed hydra bites you.
* * * LOW HITPOINT WARNING * * *
The seven-headed hydra closely misses you.
The seven-headed hydra bites you.
* * * LOW HITPOINT WARNING * * *
The seven-headed hydra bites you!
You die...

....# ....##
#.....# .
....P.## ..
##....#..# ...
#......... ....
##.#D......
....#.8Y#......
#.....# #8.<.8#
..........#
##?.##....# #..
##+### ..


You could see a seven-headed hydra.

Vanquished Creatures
  Gastronok (Lair:1)
  An unseen horror (D:10)
  An oklob plant (Lair:1)
  A cyclops (D:9)
  An ugly thing (D:10)
  6 spiny frogs
  A komodo dragon (Lair:3)
  A hornet (D:6)
  6 hippogriffs
  A redback (Lair:3)
  2 wyverns
  18 yaks
  3 basilisks
  An acid dragon (D:7)
  A water moccasin (Lair:3)
  7 porcupines
  5 ice beasts
  3 orc warriors
  2 sky beasts (D:10)
  2 phantoms
  2 ogres
  10 wolves
  6 crocodiles
  4 centaurs
  4 bullfrogs
  5 scorpions
  4 killer bees (D:9)
  2 centaur zombies
  2 crimson imps
  2 hounds
  4 jellies
  3 orc priests
  9 orc wizards
  3 iguanas
  7 worker ants
  2 hound zombies (D:8)
  A worker ant zombie (D:5)
  A howler monkey skeleton (D:6)
  11 adders
  A shadow imp (D:10)
  6 oozes
  An adder zombie (D:5)
  2 worms
  2 dart slugs (D:1)
  A leopard gecko (D:1)
  31 orcs
  2 ball pythons
  3 bats
  2 bat zombies (D:9)
  7 giant cockroaches
  10 goblins
  10 hobgoblins
  10 jackals
  9 kobolds
  3 quokkas
  6 frilled lizards
  2 jackal skeletons
  8 rats
  A rat zombie (D:9)
  A plant (Lair:1)
264 creatures vanquished.

Vanquished Creatures (others)
  A quokka (D:2)
  3 plants (Lair:3)
4 creatures vanquished.

Grand Total: 268 creatures vanquished

Notes
Turn   | Place    | Note
-------+----------+-------------------------------------------
     0 | D:1      | PikkenKukken the Draconian Transmuter began the quest for
                  | the Orb.
     0 | D:1      | Reached XP level 1. HP: 16/16 MP: 3/3
   227 | D:1      | Reached XP level 2. HP: 23/23 MP: 3/5
   235 | D:1      | Learned a level 2 spell: Sticks to Snakes
   516 | D:1      | Reached XP level 3. HP: 28/29 MP: 4/6
   730 | D:1      | Learned a level 3 spell: Spider Form
   890 | D:2      | Found a radiant altar of Vehumet.
   960 | D:2      | Reached skill level 1 in Poison Magic
   992 | D:2      | Found a white marble altar of Elyvilon.
  1046 | D:2      | Reached XP level 4. HP: 36/36 MP: 5/7
  2886 | D:4      | Reached XP level 5. HP: 35/42 MP: 4/8
  3526 | D:4      | Found a staircase to the Ecumenical Temple.
  3535 | Temple   | Entered the Ecumenical Temple
  3951 | D:4      | Reached XP level 6. HP: 50/51 MP: 5/9
  4080 | D:5      | Entered Level 5 of the Dungeon
  4427 | D:5      | Noticed an ice beast
  4458 | D:5      | Killed an ice beast
  4458 | D:5      | Reached skill level 5 in Unarmed Combat
  4530 | D:5      | Your scales start taking on a lurid green colour.
  4530 | D:5      | Reached XP level 7. HP: 40/59 MP: 6/10
  4530 | D:5      | Gained mutation: Your system is resistant to poisons.
                  | (rPois) [Green Draconian growth]
  4804 | D:5      | Found a basalt altar of Yredelemnul.
  4875 | D:5      | Noticed a hippogriff
  4890 | D:5      | Killed a hippogriff
  4890 | D:5      | Reached skill level 5 in Fighting
  5231 | D:5      | Learned a level 4 spell: Ice Form
  5263 | D:6      | Identified a scroll of acquirement
  5418 | D:6      | Reached skill level 5 in Dodging
  5418 | D:6      | Reached XP level 8. HP: 45/68 MP: 8/11
  5576 | D:6      | Reached skill level 1 in Ice Magic
  5818 | D:6      | Noticed a hornet
  6626 | D:6      | Killed a hornet
  6713 | D:6      | Found an iron altar of Okawaru.
  6721 | D:6      | Became a worshipper of Warmaster Okawaru
  6888 | D:7      | Reached skill level 1 in Invocations
  6991 | D:7      | Found a stormy altar of Qazlal.
  7589 | D:7      | Found a deep blue altar of Sif Muna.
  7607 | D:7      | Identified Sif Muna's Incunabulum of Transmigration
  7789 | D:8      | Noticed a hippogriff
  7812 | D:8      | Reached XP level 9. HP: 74/74 MP: 9/15
  7816 | D:8      | Reached skill level 5 in Transmutations
  7898 | D:8      | Found a staircase to the Lair.
  8177 | D:8      | Found a sparkling altar of Nemelex Xobeh.
  8177 | D:8      | Found a snail-covered altar of Cheibriados.
  8194 | D:8      | Found an opulent altar of Gozag.
  8195 | D:8      | Found a burning altar of Makhleb.
  8258 | D:8      | Reached * piety under Okawaru
  8770 | D:8      | Reached skill level 5 in Spellcasting
  8774 | D:8      | Reached ** piety under Okawaru
  8774 | D:8      | Reached skill level 5 in Ice Magic
  8777 | D:8      | Reached skill level 5 in Invocations
  9082 | D:8      | Found a runed translucent door.
  9261 | D:8      | Found a runed translucent door.
  9334 | D:8      | Found an ornate altar of the Wu Jian Council.
  9389 | D:8      | Found a shattered altar of Ashenzari.
  9536 | D:9      | Found a staircase to the Orcish Mines.
  9536 | D:9      | Found Iqeok's Armour Shoppe.
  9930 | D:9      | Reached XP level 10. HP: 75/81 MP: 12/17
  9935 | D:9      | Reached *** piety under Okawaru
 10361 | D:9      | Found an ancient bone altar of Kikubaaqudgha.
 10432 | D:9      | Noticed a cyclops
 10442 | D:9      | Killed a cyclops
 11223 | D:10     | Entered Level 10 of the Dungeon
 11228 | D:10     | Noticed Erolcha
 11259 | D:10     | Noticed a purple ugly thing
 11269 | D:10     | Killed an unseen horror
 11269 | D:10     | Reached **** piety under Okawaru
 11271 | D:10     | Killed a purple ugly thing
 11866 | D:10     | Reached XP level 11. HP: 94/94 MP: 18/18
 12472 | Lair:1   | Entered Level 1 of the Lair of Beasts
 12491 | Lair:1   | Reached ***** piety under Okawaru
 13246 | Lair:1   | Noticed an oklob plant
 13289 | Lair:1   | Killed an oklob plant
 13420 | Lair:1   | Noticed Gastronok
 13436 | Lair:1   | Killed Gastronok
 14674 | Lair:3   | Found a hole to the Spider Nest.
 14926 | Lair:3   | Reached skill level 10 in Fighting
 15005 | Lair:3   | Received a gift from Okawaru
 15170 | Lair:3   | Found a hazy altar of Hepliaklqana.
 15190 | Lair:3   | Reached skill level 10 in Unarmed Combat
 15342 | Lair:3   | Reached XP level 12. HP: 106/106 MP: 11/19
 15777 | Lair:4   | Noticed a seven-headed hydra
 15785 | Lair:4   | Slain by a seven-headed hydra

Levels and vault maps discovered:
D:1:      dpeg_arrival_long_road, layout_rooms
D:2:      layout_loops_ring, elyvilon_altar_4, fiery_altar_vehumet
D:3:      layout_loops_cross, first_ration, dk_noncrumbling_4
D:4:      layout_gridville, minmay_temple_entry_trees, minmay_crystal_water
D:5:      layout_rooms, lemuel_coloured_pillars_altar, chequers_garden
D:6:      layout_basic, kennysheep_okawaru_gauntlet
D:7:      layout_rooms, led_sif_book, nicolae_qazlal_general_emergency,
          minmay_microvault
D:8:      cheibrodos_histonic, layout_cave_pools, kennysheep_little_box,
          nicolae_overflow_hidden_temple,
          chequers_temple_overflow_statue_of_worship, minmay_lair_entry_grove,
          hangedman_little_slice_of_home
D:9:      layout_loops_ring, lemuel_zombie_altar_kikubaaqudgha, orc_david_3
D:10:     wad_pebble_path, layout_loops_ring, uniq_erolcha
Temple:   nicolae_temple_figure_zero
Lair:1:   layout_long_grid, minmay_lair_oklob_chamber, uniq_gastronok
Lair:2:   layout_cave_pods
Lair:3:   layout_cave_pods, spider_nest_entry_webs, basic_altar
Lair:4:   gammafunk_mikee_crab_dinner, layout_misc_corridors, swamp_mist,
          disabler_island, grunt_megastairs_3, uniq_urug

Skill      XL: |  1  2  3  4  5  6  7  8  9 10 11 |
---------------+----------------------------------+-----
Dodging        | 2 3 5 7 9 |  9.0
Fighting       | 2 3 4 5 8 10 | 10.2
Poison Magic   | 1 |  1.2
Transmutations | 3 4 6 |  6.0
Unarmed Combat | 4 5 6 8 10 | 10.0
Ice Magic      | 3 6 |  6.1
Spellcasting   | 4 5 |  5.0
Invocations    | 2 5 |  5.0

Action                   |  1- 3 |  4- 6 |  7- 9 | 10-12 || total
-------------------------+-------+-------+-------+-------++-------
Melee: Unarmed           |   116 |   156 |   342 |   313 ||   927
       Kick              |    15 |     2 |       |       ||    17
       Tailslap          |    13 |     9 |    12 |     7 ||    41
       Punch             |     4 |     2 |     5 |       ||    11
       Headbutt          |     1 |       |       |       ||     1
 Cast: Beastly Appendage |    19 |     6 |       |       ||    25
       Sticks to Snakes  |     1 |       |     1 |     3 ||     5
       Spider Form       |       |    12 |    16 |       ||    28
       Ice Form          |       |       |    19 |    31 ||    50
Invok: Heroism           |       |       |     1 |    11 ||    12
       Finesse           |       |       |       |     1 ||     1
 Abil: Breathe Noxious F |       |       |     1 |     1 ||     2
Evoke: Wand              |       |       |     3 |     1 ||     4
  Use: Scroll            |     3 |     3 |    12 |     6 ||    24
       Potion            |       |       |       |     1 ||     1
 Stab: Sleeping          |       |     2 |     1 |     1 ||     4
  Eat: Chunk             |     1 |     8 |    12 |    20 ||    41
       Ration            |       |     2 |     3 |     1 ||     6
Armor: Skin              |    25 |    21 |    46 |    46 ||   138
Dodge: Dodged            |    62 |    95 |   239 |   187 ||   583

Table legend:
 A = Non-vault XP
 B = Vault XP
 C = Vault XP percentage of total XP
 D = Non-vault monster count
 E = Vault monster count
 F = Vault count percentage of total count
                 A         B        C        D         E       F
            +---------+---------+-------+---------+---------+-------
      Total |   16622 |    5520 |  24.9 |     225 |      38 |  14.4
            +---------+---------+-------+---------+---------+-------
        D:1 |      60 |       0 |   0.0 |      30 |       0 |   0.0
        D:2 |      63 |       0 |   0.0 |      22 |       0 |   0.0
        D:3 |     107 |       0 |   0.0 |      20 |       0 |   0.0
        D:4 |     151 |       0 |   0.0 |      12 |       0 |   0.0
        D:5 |    1119 |       0 |   0.0 |      25 |       0 |   0.0
        D:6 |     683 |       4 |   0.6 |      14 |       2 |  12.5
        D:7 |     318 |     379 |  54.4 |       9 |       4 |  30.8
        D:8 |     751 |    1819 |  70.8 |      14 |      21 |  60.0
        D:9 |    1811 |     280 |  13.4 |      14 |       8 |  36.4
       D:10 |    4057 |       0 |   0.0 |      27 |       0 |   0.0
     Lair:1 |    3070 |    2822 |  47.9 |      15 |       2 |  11.8
     Lair:2 |     579 |       0 |   0.0 |       5 |       0 |   0.0
     Lair:3 |    3853 |     216 |   5.3 |      18 |       1 |   5.3
            +---------+---------+-------+---------+---------+-------
